 Dungeon Crawl Stone Soup version 0.26-a0-651-gb41185065b (webtiles) character file.

Game seed: 12718872623966912979

1388 Irenicus the Geomancer (level 8, -2/62 HPs)
             Began as a Deep Dwarf Earth Elementalist on Oct 6, 2020.
             Was an Initiate of Makhleb.
             Shot with an arrow by a centaur (8 damage)
             ... on level 6 of the Dungeon.
             The game lasted 00:17:18 (2641 turns).

Irenicus the Geomancer (DDEE)                       Turns: 2641, Time: 00:17:19

Health: -2/62      AC:  7    Str: 12    XL:     8   Next: 40%
Magic:  11/12      EV: 11    Int: 18    God:    Makhleb [......]
Gold:   268        SH:  0    Dex: 13    Spells: 10/13 levels left

rFire    . . .     SeeInvis .   d - +2 whip (venom)
rCold    . . .     Faith    .   (no shield)
rNeg     . . .     Spirit   .   k - +0 ring mail
rPois    .         Reflect  .   e - +0 helmet
rElec    .         Harm     .   (no cloak)
rCorr    .         Rampage  .   (no gloves)
MR       +....                  c - +0 pair of boots
Stlth    +.........             (no amulet)
HPRegen  0.00/turn              (no ring)
MPRegen  0.13/turn              (no ring)

@: non-regenerating
A: damage resistance, heal wounds, sense surroundings 1, no regeneration
a: Heal Wounds, Renounce Religion


You were on level 6 of the Dungeon.
You worshipped Makhleb.
Makhleb was noncommittal.
You visited 2 branches of the dungeon, and saw 7 of its levels.

You collected 268 gold pieces.

Inventory:

Hand Weapons
 a - a +0 dagger
   (You found it on level 1 of the Dungeon)
 d - a +2 whip of venom (weapon)
   (You took it off a kobold on level 1 of the Dungeon)
Missiles
 b - 105 stones (quivered)
Armour
 c - a +0 pair of boots (worn)
   (You found it on level 4 of the Dungeon)
 e - a +0 helmet (worn)
   (You found it on level 4 of the Dungeon)
 k - a +0 ring mail (worn)
   (You found it on level 5 of the Dungeon)
 m - a +0 buckler
   (You found it on level 2 of the Dungeon)
Jewellery
 o - an uncursed ring of fire {rF+, rC-}
   (You found it on level 3 of the Dungeon)
Wands
 s - a wand of paralysis (11)
   (You found it on level 3 of the Dungeon)
Scrolls
 f - 2 scrolls of noise {unknown}
 g - a scroll of magic mapping {unknown}
 i - 4 scrolls of remove curse {unknown}
 p - a scroll of enchant armour {unknown}
 q - a scroll of blinking {unknown}
 t - 2 scrolls of amnesia
 u - a scroll of fog {unknown}
 v - 2 scrolls of identify
 y - a scroll of teleportation {unknown}
Potions
 h - a potion of stabbing {unknown}
 j - a potion of berserk rage {!q}
 l - a potion of magic {unknown}
 n - a potion of brilliance
 r - a potion of lignification {!q}
 w - 4 potions of resistance {unknown}
 x - a potion of curing {unknown}


   Skills:
 - Level 2.1 Dodging
 - Level 2.4 Stealth
 - Level 3.0 Spellcasting
 - Level 0.8 Transmutations
 + Level 13.0 Earth Magic


You had 10 spell levels left.
You knew the following spells:

 Your Spells              Type           Power        Failure   Level
a - Sandblast             Erth           #####.       1%          1
w - Passwall              Tmut/Erth      ####....     3%          2

Your spell library contained the following spells:

 Spells                   Type           Power        Failure   Level
 Lee's Rapid Deconstruct  Erth           #####.....   4%          5
 Stone Arrow              Conj/Erth      ####..       8%          3
 Petrify                  Tmut/Erth      ####....     22%         4


Dungeon Overview and Level Annotations

Branches:
Dungeon (6/15)             Temple (1/1) D:6

Altars:
Ashenzari
Cheibriados
Gozag
Hepliaklqana
Kikubaaqudgha
Makhleb
Nemelex Xobeh
Okawaru
Qazlal
Ru
Sif Muna
Uskayaw
Vehumet
Wu Jian
Xom
The Shining One

Shops:
D:4 (


Innate Abilities, Weirdness & Mutations

You are resistant to damage.
You can heal yourself by infusing magical energy.
You passively map a small area around you.
You do not regenerate.


Message History

Aiming: Passwall (safe; 1% risk of failure)
Press: ? - help, Dir - move target cursor, f - you Please select a wall.
Okay, then.
Okay, then.
Casting: Passwall (safe; 1% risk of failure)
Confirm with . or Enter, or press ? or * to list all spells.
Press: ? - help, Dir - move target cursor A rock wall.
You begin to meditate on the wall.
You continue meditating on the rock. x2
You finish merging with the rock.
You now have 10/12 mp.
MP restored: 12
Casting: Passwall (safe; 1% risk of failure)
Confirm with . or Enter, or press ? or * to list all spells.
Press: ? - help, Dir - move target cursor A rock wall.
You begin to meditate on the wall.
You continue meditating on the rock. x2
You finish merging with the rock.
You now have 10/12 mp.
Casting: Passwall (safe; 1% risk of failure)
Confirm with . or Enter, or press ? or * to list all spells.
Press: ? - help, Dir - move target cursor A rock wall.
You begin to meditate on the wall.
You continue meditating on the rock. x2
You finish merging with the rock.
You now have 10/12 mp.
You see here a ring mail.
MP restored: 12
k - a ring mail You start removing your armour.
You continue taking off your +0 troll leather armour {regen}. x4
You finish taking off your +0 troll leather armour {regen}.
You start putting on your armour.
You continue putting on your ring mail. x5
You finish putting on your +0 ring mail.
Drop what? 25/52 slots (_ for help) (? for menu, Esc to quit)
You drop a +0 troll leather armour {regen}.
There is a stone staircase leading down here.
You climb downwards.
A bullfrog comes into view.
There is a stone staircase leading up here.
Casting: Passwall (safe; 3% risk of failure)
Confirm with . or Enter, or press ? or * to list all spells.
Aiming: Sandblast (safe; 1% risk of failure)
Press: ? - help, Shift-Dir - straight line, f - bullfrog
Aim: a bullfrog (asleep)
The blast of sand hits the bullfrog!
The bullfrog is heavily wounded.
b - 109 stones You now have 11/12 mp.
Casting: Sandblast (safe; 1% risk of failure)
Confirm with . or Enter, or press ? or * to list all spells.
Aiming: Sandblast (safe; 1% risk of failure)
Press: ? - help, Shift-Dir - straight line, f/p - bullfrog
Aim: a bullfrog (heavily wounded)
The blast of sand hits the bullfrog!!
You kill the bullfrog!
Makhleb accepts your kill.
b - 108 stones You now have 10/12 mp.
You now have 268 gold pieces (gained 11).
MP restored: 12 A phantom comes into view.
Casting: Sandblast (safe; 1% risk of failure)
Confirm with . or Enter, or press ? or * to list all spells.
Aiming: Sandblast (safe; 1% risk of failure)
Press: ? - help, Shift-Dir - straight line, f - phantom
Aim: a phantom The blast of sand hits the phantom!
The phantom is moderately damaged.
b - 107 stones You now have 11/12 mp.
Casting: Sandblast (safe; 1% risk of failure)
Confirm with . or Enter, or press ? or * to list all spells.
Aiming: Sandblast (safe; 1% risk of failure)
Press: ? - help, Shift-Dir - straight line, f/p - phantom
Aim: a phantom (moderately damaged)
The blast of sand hits the phantom!!
The phantom is severely damaged.
b - 106 stones You now have 10/12 mp.
Casting: Sandblast (safe; 1% risk of failure)
Confirm with . or Enter, or press ? or * to list all spells.
Aiming: Sandblast (safe; 1% risk of failure)
Press: ? - help, Shift-Dir - straight line, f/p - phantom
Aim: a phantom (severely damaged)
The blast of sand hits the phantom!!
You destroy the phantom!
Makhleb accepts your kill.
Your Earth Magic skill increases to level 13!
b - 105 stones You now have 9/12 mp.
y - a scroll labeled HULOOCA VENE The centaur shouts!
You hear a shout!
The centaur wields a +0 shortbow.
The centaur shoots an arrow.
The arrow hits you.
* * * LOW HITPOINT WARNING * * *
You take 3 damage, and have 6/62 hp.
The centaur shoots an arrow.
The arrow hits you!
You die...

*##.#............# * ... ,
.............##########.
###....#.....## ....#
.............####....#
........)............##
.####...##)..####.....#
###.....*#.#.c..#.....## ,
....#.#. ...............,
*
..###.#....###..@......#**
, ............####.####...
..##........# #.# #.* ,
..# .##.........# #.####.
....# .##.........#
#....#.## #....#
............# ####.#..#
#....# #...#.......#
#.##.####....#
............#
#............#
.#.#........#
###.....#....#


You could see a centaur.

Vanquished Creatures
  A sky beast (D:6)
  A phantom (D:6)
  An ogre (D:5)
  3 bullfrogs
  2 scorpions
  2 jellies (D:6)
  2 hounds
  2 bullfrog skeletons
  4 orc priests
  6 orc wizards
  An iguana (D:6)
  3 worker ants (D:6)
  5 gnolls
  7 adders
  A shadow imp (D:6)
  A white imp (D:6)
  2 ufetubi (D:6)
  An adder skeleton (D:2)
  6 worms
  3 dart slugs
  4 leopard geckos
  14 orcs
  A ball python (D:4)
  A giant cockroach (D:1)
  10 goblins
  14 hobgoblins
  5 jackals
  2 quokkas
  5 bats
  7 frilled lizards
  2 jackal skeletons (D:4)
  12 kobolds
  2 leopard gecko skeletons
  5 rats
138 creatures vanquished.

Notes
Turn   | Place    | Note
-------+----------+-------------------------------------------
     0 | D:1      | Irenicus the Deep Dwarf Earth Elementalist began the quest
                  | for the Orb.
     0 | D:1      | Reached XP level 1. HP: 15/15 MP: 3/3
    47 | D:1      | Reached skill level 2 in Spellcasting
    92 | D:1      | Reached XP level 2. HP: 13/22 MP: 0/5
   176 | D:1      | Learned a level 2 spell: Passwall
   280 | D:1      | HP: 5/22 [gnoll/+0 spear (6)]
   283 | D:1      | HP: 2/22 [gnoll/+0 spear (3)]
   284 | D:1      | Reached XP level 3. HP: 2/28 MP: 0/6
   301 | D:1      | Reached skill level 5 in Earth Magic
   619 | D:1      | Reached XP level 4. HP: 34/36 MP: 2/8
   673 | D:2      | Reached skill level 3 in Spellcasting
   812 | D:3      | Noticed a bullfrog
   818 | D:3      | Killed a bullfrog
   818 | D:3      | Reached skill level 6 in Earth Magic
   818 | D:3      | Reached XP level 5. HP: 39/42 MP: 5/9
   890 | D:3      | Found an opulent altar of Gozag.
   902 | D:3      | Reached skill level 7 in Earth Magic
  1042 | D:3      | Reached skill level 8 in Earth Magic
  1042 | D:3      | Reached XP level 6. HP: 22/49 MP: 0/10
  1145 | D:3      | Found a sparkling altar of Nemelex Xobeh.
  1409 | D:4      | HP: 12/49 [orc priest/divine providence (7)]
  1416 | D:4      | Reached skill level 9 in Earth Magic
  1439 | D:4      | Found Weschefan's Antique Weapon Shoppe.
  1441 | D:4      | HP: 11/49 [gnoll (1)]
  1466 | D:4      | HP: 14/73 [something (1)]
  1476 | D:4      | HP: 5/49 [orc/+0 club (3)]
  1564 | D:4      | Reached skill level 10 in Earth Magic
  1564 | D:4      | Reached XP level 7. HP: 30/55 MP: 7/11
  1786 | D:5      | Entered Level 5 of the Dungeon
  1786 | D:5      | Found an iron altar of Okawaru.
  1786 | D:5      | Found a glowing golden altar of the Shining One.
  1786 | D:5      | Found a snail-covered altar of Cheibriados.
  1786 | D:5      | Found a hazy altar of Hepliaklqana.
  1786 | D:5      | Found a shimmering blue altar of Sif Muna.
  1899 | D:6      | Reached skill level 11 in Earth Magic
  1921 | D:6      | Found a sacrificial altar of Ru.
  2000 | D:6      | Reached skill level 12 in Earth Magic
  2000 | D:6      | Reached XP level 8. HP: 31/62 MP: 1/12
  2053 | D:6      | Found a staircase to the Ecumenical Temple.
  2062 | Temple   | Entered the Ecumenical Temple
  2109 | Temple   | Became a worshipper of Makhleb the Destroyer
  2192 | D:6      | HP: 13/62 [something (4)]
  2626 | D:6      | Reached skill level 13 in Earth Magic
  2640 | D:6      | HP: 6/62 [centaur/arrow (3)]
  2641 | D:6      | Shot with an arrow by a centaur

Illustrated notes

Levels and vault maps discovered:
D:1:      dpeg_arrival_morbid_curiosity, layout_basic
D:2:      minmay_recursive_quarters, layout_rooms
D:3:      layout_basic, nicolae_gozag_seed_capital, nemelex_lonely_heart_becter
D:4:      layout_cave_pools, serial_shops, shop
D:5:      layout_basic, grunt_temple_overflow_open, minmay_misc_feat_doors
D:6:      layout_rooms, minmay_temple_entry_wispy, basic_altar, serial_shops,
          kennysheep_little_box
Temple:   regret_index_temple_generic_petals

Skill      XL: |  1  2  3  4  5  6  7  8 |
---------------+-------------------------+-----
Spellcasting   | 2 3 |  3.0
Earth Magic    | 5 6 8 10 12 13 | 13.0
Dodging        | |  2.1
Stealth        | |  2.4
Transmutations | |  0.8

Action                   |  1- 3 |  4- 6 |  7- 9 || total
-------------------------+-------+-------+-------++-------
Melee: Dagger            |    13 |       |       ||    13
       Whip              |     8 |    36 |    14 ||    58
 Cast: Sandblast         |    49 |    79 |    60 ||   188
       Passwall          |     3 |     2 |    12 ||    17
 Abil: Heal Wounds       |     1 |       |       ||     1
  Use: Potion            |     1 |     3 |       ||     4
       Scroll            |       |     4 |       ||     4
Armor: Robe              |     8 |       |       ||     8
       Leather armour    |       |    19 |     7 ||    26
Dodge: Dodged            |    34 |    33 |    12 ||    79

Table legend: (Time is in decaauts)
 A = Elapsed time spent in this place.
 B = Non-inter-level travel time spent in this place.
 C = Inter-level travel time spent in this place.
 D = Time resting spent in this place.
 E = Time spent auto-exploring this place.
 F = Levels seen in this place.
 G = Mean time per level.
                   A        B        C        D        E       F      G
               +--------+--------+--------+--------+--------+-----+--------+
         Total |   2653 |   2613 |     40 |      0 |      0 |   7 |  379.0 |
       Dungeon |   2564 |   2564 |      0 |      0 |      0 |   6 |  427.3 |
        Temple |     88 |     48 |     40 |      0 |      0 |   1 |   88.0 |
               +--------+--------+--------+--------+--------+-----+--------+

Top non-repeatable levels by time:
     D:1: 527 daAuts
     D:5: 496 daAuts
     D:3: 440 daAuts
     D:2: 431 daAuts
     D:4: 396 daAuts
     D:6: 273 daAuts
  Temple: 88 daAuts

Table legend:
 A = Kills in this place as a percentage of kills in entire the game.
 B = Kills by you in this place as a percentage of kills by you in the entire game.
 C = Kills by friends in this place as a percentage of kills by friends in the entire game.
 D = Other kills in this place as a percentage of other kills in the entire game.
 E = Experience gained in this place as a percentage of experience gained in the entire game.
 F = Experience gained in this place divided by the number of levels of this place that you have seen.
                   A       B       C       D       E      F
               +-------+-------+-------+-------+-------+----------------------
         Total | 100.0 | 100.0 |   N/A |   N/A | 100.0 | 283.4
       Dungeon | 100.0 | 100.0 |   N/A |   N/A | 100.0 | 330.7
               +-------+-------+-------+-------+-------+----------------------
